 Dungeon Crawl Stone Soup version 0.29.1-15-g9cfb28693d (webtiles) character file.

Game seed: 11027974210741136988

10722 12sPaWn12 the Basher (level 11, 0/69 HPs)
             Began as a Gargoyle Fighter on Nov 25, 2022.
             Was a Believer of the Shining One.
             Slain by a sixfirhy (1 damage)
             ... summoned by a kobold demonologist
             ... on level 11 of the Dungeon on Mar 20, 2023.
             The game lasted 00:26:21 (11189 turns).

12sPaWn12 the Basher (Gargoyle Fighter)            Turns: 11189, Time: 00:26:21

Health: 0/69       AC: 18    Str: 23    XL:     11   Next: 66%
Magic:  11/11      EV: 10    Int: 10    God:    the Shining One [**....]
Gold:   456        SH: 11    Dex:  9    Spells: 10/10 levels left

rFire   . . .      SeeInvis .   G - +1 mace (venom)
rCold   . . .      Faith    .   c - +0 buckler
rNeg    + + .      Spirit   .   D - +0 plate armour
rPois   ∞          Reflect  +   v - +0 helmet
rElec   +          Harm     .   (no cloak)
rCorr   .          Rampage  .   t - +2 pair of gloves
Will    .....                   (no boots)
Stlth   ..........              l - amulet of reflection
HPRegen 0.21/turn               s - +4 ring of evasion
MPRegen 0.12/turn               (no ring)

@: spiked, corroded, glowing
A: sickness immunity, AC +8, negative energy resistance 1, electricity
resistance, torment resistance 1, petrification resistance
a: Renounce Religion, Divine Shield


You were on level 11 of the Dungeon.
You worshipped the Shining One.
The Shining One was pleased with you.
You visited 2 branches of the dungeon, and saw 12 of its levels.
You also visited: Bailey.

You collected 456 gold pieces.

Inventory:

Hand Weapons
 G - a +1 mace of venom (weapon)
Missiles
 o - a throwing net (quivered)
Armour
 c - a +0 buckler (worn)
 t - a +2 pair of gloves (worn)
 v - a +0 helmet (worn)
 D - a +0 plate armour (worn)
Jewellery
 b - an amulet of regeneration
 e - a ring of magical power
 l - an amulet of reflection (around neck)
 s - a +4 ring of evasion (left hand)
 u - a ring of resist corrosion
 I - a ring of flight
Wands
 A - a wand of flame (39)
 F - a wand of mindburst (5)
 H - a wand of paralysis (7)
Scrolls
 d - 2 scrolls of poison
 g - a scroll of identify
 h - 4 scrolls of enchant armour
 j - a scroll of enchant weapon
 r - a scroll of fear {unknown}
 x - 3 scrolls of teleportation
 y - a scroll of blinking {unknown}
 C - 2 scrolls of amnesia {unknown}
Potions
 a - a potion of might
 f - 2 potions of flight {unknown}
 i - a potion of heal wounds
 k - 2 potions of cancellation
 m - 7 potions of lignification
 n - a potion of brilliance {unknown}
 p - 3 potions of magic
 q - a potion of mutation
 w - 3 potions of attraction
 z - 3 potions of invisibility
 B - a potion of ambrosia {unknown}
 E - 2 potions of curing {unknown}


   Skills:
 * Level 8.7 Fighting
 * Level 12.3 Maces & Flails
 * Level 9.1 Armour
 * Level 9.9 Shields


You had 10 spell levels left.
You didn't know any spells.
Your spell library contained the following spells:

 Spells                   Type           Power      Damage    Failure   Level
 Foxfire                  Conj/Fire      0%         2x1d4     99%         1
 Conjure Flame            Conj/Fire      0%         6-21      100%        3
 Gell's Gravitas          Tloc           0%         N/A       100%        3
 Inner Flame              Hex/Fire       0%         N/A       100%        3
 Lesser Beckoning         Tloc           0%         N/A       100%        3
 Teleport Other           Tloc           0%         N/A       100%        3
 Flame Wave               Conj/Fire      0%         2d4       100%        4


Dungeon Overview and Level Annotations

Branches:
Dungeon (11/15)            Temple (1/1) D:7            Lair (0/5) D:8
    Orc (0/2) D:9          Bailey (visited)

Altars:
Ashenzari
Cheibriados
Dithmenos
Elyvilon
Fedhas
Gozag
Hepliaklqana
Kikubaaqudgha
Makhleb
Nemelex Xobeh
Okawaru
Qazlal
Ru
Sif Muna
Trog
Uskayaw
Vehumet
Wu Jian
Xom
Yredelemnul
Zin
The Shining One

Shops:
D:3 [   D:8 (   D:10 *


Innate Abilities, Weirdness & Mutations

You are immune to sickness and miasma.
Your stone body is resilient. (AC +8)
You are immune to poison.
You resist negative energy. (rN+)
You are resistant to electric shocks. (rElec)
You are resistant to unholy torment.
You are immune to petrification.


Message History

The puff of frost hits you.
* * * LOW HITPOINT WARNING * * *
The kobold demonologist hits you but does no damage.
You block the kobold demonologist's attack.
You block the sixfirhy's attack.
You hit the sixfirhy but do no damage.
The sixfirhy looks as sick as possible!
The sixfirhy is moderately wounded.
The sixfirhy hits you but does no damage. x2
You block the ufetubus's attack.
The ufetubus hits you but does no damage.
The white imp gestures at you.
The puff of frost reflects off an invisible shield around you!
The puff of frost hits the white imp.
The white imp resists.
The kobold demonologist barely misses you.
The kobold demonologist begins to cast a cantrip, but forgets the words!
Unknown command.
You closely miss the sixfirhy.
The sixfirhy is lightly wounded.
You block the ufetubus's attack. The ufetubus barely misses you. x2
The ufetubus closely misses you. You block the white imp's attack.
You hit the sixfirhy but do no damage.
The sixfirhy is moderately wounded.
The kobold demonologist hits you but does no damage.
The kobold demonologist closely misses you.
You block the ufetubus's attack. x2
You barely miss the sixfirhy.
The sixfirhy is moderately wounded.
The white imp hits you but does no damage.
The ufetubus closely misses you. You block the ufetubus's attack.
You block the kobold demonologist's attack.
The kobold demonologist gestures wildly while chanting.
Unknown command.
You hit the sixfirhy but do no damage.
The sixfirhy is moderately wounded.
The sixfirhy hits you.
* * * LOW HITPOINT WARNING * * *
The sixfirhy shocks you. You resist.
* * * LOW HITPOINT WARNING * * *
The sixfirhy hits you.
You die...

#..........#...#.#.....#
#..........#...'.#.....#
#..........#...#.+.....#
#..........#...#.#######
#..........#...#........
#..........###+#........
#.................######
#!!..5K3######....#
#....K5@# #....#
#....K5K# #....#
#.....5o# #....# +##
#....5..# #..........
#.......# #..........
#.......# #..........
#.......# .... #.......#
.... .##


You could see 2 kobold demonologists, a sixfirhy (summoned, extremely poisoned),
2 kobold brigands, an iron imp (summoned), 2 quasits, a white imp (summoned), an
orc and an ufetubus (summoned).

Vanquished Creatures
  Erica (D:9)
  A two-headed ogre (D:10)
  A cyclops (D:11)
  A gargoyle (D:9)
  The ghost of safid the Shooter, an amateur MiHu (D:4)
  2 trolls
  A hornet (D:8)
  6 slime creatures
  4 wyverns
  A shadow (D:11)
  2 wraiths
  4 yaks (D:9)
  2 basilisks (D:8)
  2 steam dragons
  2 vampire mosquitoes (D:10)
  2 acid dragons
  5 water moccasins
  2 ice beasts
  An orc warrior (D:8)
  2 black bears
  2 ogres
  3 wolves (D:8)
  4 centaurs
  2 kobold brigands
  7 bullfrogs
  A gnoll sergeant (D:7)
  3 scorpions
  5 necrophages
  12 killer bees
  3 howler monkeys
  An electric eel (D:11)
  A lava snake (D:9)
  A gnoll bouda (D:7)
  5 hounds
  2 orc priests (D:9)
  A jelly (D:8)
  Ijyb (D:4)
  2 iguanas
  Natasha (thrice) (D:3)
  7 orc wizards
  9 gnolls
  11 adders
  A shadow imp (D:8)
  2 white imps
  2 worms
  3 dart slugs
  16 orcs
  4 ball pythons
  2 endoplasms
  A giant cockroach (D:3)
  6 goblins
  4 hobgoblins (D:2)
  2 quokkas
  6 bats
  2 frilled lizards
  20 kobolds
  8 rats
  A spectral hobgoblin (D:2)
209 creatures vanquished.

Vanquished Creatures (others)
  2 fungi (D:8)
  6 plants (D:8)
8 creatures vanquished.

Grand Total: 217 creatures vanquished

Notes
Turn   | Place    | Note
-------+----------+-------------------------------------------
     0 | D:1      | 12sPaWn12 the Gargoyle Fighter began the quest for the Orb.
     0 | D:1      | Reached XP level 1. HP: 14/14 MP: 1/1
   351 | D:1      | You fall into a shaft and drop 1 floor!
   373 | D:2      | Reached XP level 2. HP: 19/19 MP: 2/2
   467 | D:2      | Reached XP level 3. HP: 23/23 MP: 3/3
   564 | D:2      | Found a faded altar of an unknown god.
   640 | D:2      | Reached XP level 4. HP: 26/29 MP: 4/4
   968 | D:1      | Reached skill level 3 in Maces & Flails
  1310 | D:3      | Found Bocuv's Antique Armour Boutique.
  1407 | D:3      | Found a radiant altar of Vehumet.
  1571 | D:3      | Noticed Natasha
  1581 | D:3      | Killed Natasha
  1886 | D:3      | Noticed Natasha
  1893 | D:3      | Killed Natasha
  1894 | D:3      | Reached XP level 5. HP: 26/33 MP: 5/5
  1900 | D:3      | Noticed Natasha
  1989 | D:3      | Killed Natasha
  2276 | D:4      | Reached skill level 4 in Maces & Flails
  2404 | D:4      | Noticed Ijyb
  2411 | D:4      | Paralysed by Ijyb for 2 turns
  2421 | D:4      | Paralysed by Ijyb for 5 turns
  2422 | D:4      | Reached XP level 6. HP: 33/38 MP: 6/6
  2439 | D:4      | Killed Ijyb
  2755 | D:4      | Found a hazy altar of Hepliaklqana.
  2817 | D:4      | Reached skill level 5 in Armour
  2826 | D:4      | Found a runed translucent door.
  2834 | D:4      | Noticed safid's ghost (amateur MiHu)
  3037 | D:4      | Found a stormy altar of Qazlal.
  3037 | D:4      | Found a blossoming altar of Fedhas.
  3226 | D:4      | Found an ancient bone altar of Kikubaaqudgha.
  3487 | D:4      | Killed safid's ghost
  3488 | D:4      | Reached skill level 5 in Maces & Flails
  3488 | D:4      | Reached XP level 7. HP: 26/44 MP: 7/7
  3505 | D:5      | Entered Level 5 of the Dungeon
  3814 | D:5      | Reached skill level 5 in Shields
  3832 | D:5      | Reached skill level 5 in Fighting
  3832 | D:5      | Reached skill level 6 in Maces & Flails
  3832 | D:5      | Reached XP level 8. HP: 49/49 MP: 8/8
  4061 | D:5      | Reached skill level 7 in Maces & Flails
  4773 | D:6      | Found a shimmering blue altar of Sif Muna.
  5038 | D:6      | Found an opulent altar of Gozag.
  5038 | D:6      | Found a sacrificial altar of Ru.
  5038 | D:6      | Found an ornate altar of the Wu Jian Council.
  5085 | D:6      | Found a burning altar of Makhleb.
  5366 | D:7      | Reached XP level 9. HP: 54/55 MP: 9/9
  5476 | D:7      | Reached skill level 8 in Maces & Flails
  6231 | D:7      | Found a staircase to the Ecumenical Temple.
  6240 | Temple   | Entered the Ecumenical Temple
  6245 | Temple   | Became a worshipper of the Shining One
  6315 | D:7      | Found a snail-covered altar of Cheibriados.
  6886 | D:8      | Found an iron altar of Okawaru.
  7169 | D:8      | Reached skill level 9 in Maces & Flails
  7238 | D:8      | Noticed a hornet
  7258 | D:8      | Killed a hornet
  7417 | D:8      | Found a broken altar of Ashenzari.
  7421 | D:8      | Saw a vision of the Swamp and the Snake Pit.
  7421 | D:8      | Noticed a naga ritualist
  7421 | D:8      | Noticed a black mamba
  7421 | D:8      | Noticed a salamander
  7421 | D:8      | Noticed a naga warrior
  7421 | D:8      | Noticed a shock serpent
  7421 | D:8      | Noticed a shock serpent
  7421 | D:8      | Reached * piety under the Shining One
  7421 | D:8      | Noticed a black mamba
  7421 | D:8      | Noticed a thorn hunter
  7421 | D:8      | Noticed a fenstrider witch
  7421 | D:8      | Noticed a six-headed hydra
  7421 | D:8      | Noticed a tyrant leech
  7421 | D:8      | Noticed an eleionoma
  7421 | D:8      | Noticed a six-headed hydra
  7421 | D:8      | Noticed a spriggan rider
  7421 | D:8      | Noticed a seven-headed hydra
  7422 | D:8      | Noticed a bunyip
  7477 | D:8      | Found Cilofyry's Weapon Emporium.
  7495 | D:8      | Reached XP level 10. HP: 60/61 MP: 10/10
  7521 | D:8      | Reached skill level 10 in Maces & Flails
  7548 | D:8      | Found a staircase to the Lair.
  8029 | D:9      | Reached ** piety under the Shining One
  8368 | D:9      | Noticed a gargoyle
  8598 | D:9      | Reached skill level 11 in Maces & Flails
  8669 | D:9      | Reached XP level 11. HP: 22/68 MP: 11/11
  9100 | D:9      | Noticed Erica
  9311 | D:9      | Found a staircase to the Orcish Mines.
  9814 | D:9      | Found a hide-covered altar of Uskayaw.
  9867 | D:9      | Killed Erica
  9932 | D:9      | Found a basalt altar of Yredelemnul.
  9932 | D:9      | Found a shimmering altar of Xom.
 10071 | D:10     | Entered Level 10 of the Dungeon
 10129 | D:10     | Found a flagged portal.
 10179 | D:10     | Found Lusutike's Changing Room.
 10214 | Bailey   | Entered a bailey
 10218 | D:10     | Upgraded the game from 0.29.1-2-gbd0b4ee654 to
                  | 0.29.1-15-g9cfb28693d
 10275 | D:10     | Noticed a two-headed ogre
 10286 | D:10     | Killed a two-headed ogre
 10287 | D:10     | Reached skill level 12 in Maces & Flails
 11086 | D:11     | Noticed a cyclops
 11097 | D:11     | Killed a cyclops
 11178 | D:11     | Noticed a sixfirhy
 11189 | D:11     | HP: 1/69 [sixfirhy[a kobold demonologist] (3)]
 11189 | D:11     | Slain by a sixfirhy

Illustrated notes

Levels and vault maps discovered:
D:1:      dpeg_arrival_stone_temple_mockup, layout_rooms,
          chequers_hall_statues_corner_a, minmay_bisected
D:2:      layout_basic, dreamdust_ecumenical_altar_drowned_temple
D:3:      layout_basic, mainiacjoe_overflow_tiny_flanked, serial_shops,
          shop_fountains, uniq_natasha
D:4:      layout_loops_corners, old_standard_altar,
          grunt_temple_overflow_forces_of_nature, lemuel_doored_altar,
          gammafunk_ghost_grave, uniq_ijyb
D:5:      layout_rooms, cheibrodos_gnoll_hut
D:6:      layout_loops_ring, mainiacjoe_overflow_catwalk,
          overflow_temple_1_default, gammafunk_temple_overflow_claw
D:7:      layout_gridville, marbit_many_paths, minmay_temple_entry_antechambers,
          serial_co_window_serial, co_window_of_opportunity_a,
          co_window_paths_b, co_window_paths_a, co_window_of_opportunity_a,
          co_window_corner_a, co_window_corner_a, co_window_of_opportunity_a,
          co_window_corner_a, co_window_paths_a, co_window_of_opportunity_c,
          co_window_cross_3, co_window_corner_b, co_window_paths_e,
          glass_columns_a, glass_columns_a, glass_columns_a, glass_columns_a,
          glass_columns_a
D:8:      layout_rooms, lemuel_crystal_altar, grunt_ashenzari_visionary
          [grunt_ashenzari_visionary_swamp, grunt_ashenzari_visionary_snake],
          minmay_lair_entry_grove, serial_shops, shop, minmay_misc_feat_chi
D:9:      layout_small_grid, nicolae_uskayaw_suspiria,
          gammafunk_temple_overflow_elements, uniq_erica
D:10:     layout_roguey, enter_bailey_8, grunt_decor_resistance,
          nicolae_transmutations_shop
D:11:     layout_irregular_city, lightli_minifort
Temple:   hellmonk_temple_two_chambers

Skill      XL: |  1  2  3  4  5  6  7  8  9 10 11 |
---------------+----------------------------------+-----
Maces & Flails | 3 4 5 6 7 9 11 12 | 12.3
Armour         | 4 5 6 7 8 9 |  9.1
Fighting       | 4 5 6 7 8 |  8.7
Shields        | 4 5 6 7 9 |  9.9

Action                   |  1- 3 |  4- 6 |  7- 9 | 10-12 || total
-------------------------+-------+-------+-------+-------++-------
Melee: Flail             |    79 |   182 |   372 |   278 ||   911
       Mace              |       |       |       |   155 ||   155
Evoke: Wand              |       |       |       |     1 ||     1
  Use: Scroll            |       |    11 |     1 |     7 ||    19
       Potion            |       |     5 |     1 |       ||     6
Armor: Scale mail        |    47 |    65 |   131 |    31 ||   274
       Plate armour      |       |       |       |   164 ||   164
Dodge: Dodged            |    41 |    66 |   214 |   178 ||   499
Block: Buckler           |    11 |    75 |   175 |   275 ||   536
       Reflection        |       |       |     3 |    12 ||    15
